 Dungeon Crawl Stone Soup version 0.26.0-20-g3ca415f5b8 (webtiles) character file.

Game seed: 18336539115197159475

1615138 poulshu the Conqueror (level 27, 273/273 HPs)
             Began as a Minotaur Abyssal Knight on Jan 10, 2021.
             Was a High Priest of Lugonu.
             Escaped with the Orb
             ... and 3 runes on Jan 24, 2021!
             The game lasted 13:45:20 (80546 turns).

poulshu the Conqueror (Minotaur Abyssal Knight)    Turns: 80546, Time: 13:45:21

Health: 273/273    AC: 36    Str: 32    XL:     27
Magic:  23/23      EV: 17    Int: 15    God:    Lugonu [*****.]
Gold:   5271       SH: 24    Dex: 14    Spells: 26/26 levels left

rFire    + + +     SeeInvis +   a - +8 broad axe (distort)
rCold    + + .     Faith    .   Y - +5 kite shield {reflect}
rNeg     + + +     Spirit   .   X - +3 gold dragon scales
rPois    +         Reflect  +   i - +2 hat {Will+}
rElec    .         Harm     .   Q - scarf {rC+ rF+}
rCorr    .         Rampage  .   Z - +0 pair of gloves of Juro {rPois MP-9 Slay+5 SInv}
Will     +++..                  V - +2 pair of boots
Stlth    ..........             p - amulet of Limitation {Regen+ Int+6}
HPRegen  0.95/turn              x - ring "Zadyidy" {Fire *Contam rN++ Str+4 Dex+2}
MPRegen  0.18/turn              n - ring "Jangebi" {rC+ rN+}

@: no status effects
A: retaliatory headbutt, hooves 1, horns 2, poison resistance, sturdy frame 1
0: Orb of Zot
}: 3/15 runes: decaying, serpentine, silver
a: Renounce Religion, Depart the Abyss, Bend Space, Banish, Corrupt, Enter the
Abyss


You escaped.
You worshipped Lugonu.
Lugonu was extremely pleased with you.
You visited 9 branches of the dungeon, and saw 49 of its levels.
You visited the Abyss 4 times.
You also visited: Ossuary, Ice Cave and Wizlab.

You collected 8355 gold pieces.
You spent 3084 gold pieces at shops.

Inventory:

Hand Weapons
 a - a +8 broad axe of distortion (weapon)
 b - a +0 hand crossbow of freezing
 J - a +2 broad axe of freezing
Missiles
 q - 2 throwing nets
 z - 684 bolts
Armour
 i - a +2 hat of willpower (worn)
 I - a +2 cloak of preservation
 Q - a scarf of resistance (worn)
 V - a +2 pair of boots (worn)
 X - +3 gold dragon scales (worn)
 Y - a +5 kite shield of reflection (worn)
 Z - the +0 pair of gloves of Juro (worn) {rPois MP-9 Slay+5 SInv}
   (You found it on level 5 of the Lair of Beasts)

   It affects your accuracy and damage with ranged weapons and melee attacks
   (+5).
   It protects you from poison.
   It affects your magic capacity (-9).
   It lets you see invisible.
Jewellery
 n - the ring "Jangebi" (right hand) {rC+ rN+}
   (You bought it in a shop on level 4 of the Snake Pit)

   [ring of positive energy]

   It protects you from cold.
   It protects you from negative energy.
 p - the amulet of Limitation (around neck) {Regen+ Int+6}
   (You found it on level 5 of the Vaults)

   [amulet of regeneration]

   It affects your intelligence (+6).
   It increases your rate of regeneration.
 t - the ring "Orypadore" {Will+ Dex+3 Slay+4}
   (You found it on level 5 of the Vaults)

   [ring of slaying]

   It affects your dexterity (+3).
   It affects your accuracy and damage with ranged weapons and melee attacks
   (+4).
   It affects your willpower, your defense against some magical effects.
 x - the ring "Zadyidy" (left hand) {Fire *Contam rN++ Str+4 Dex+2}
   (You found it on level 8 of the Dungeon)

   [ring of fire]

   It enhances your fire magic.
   It affects your strength (+4).
   It affects your dexterity (+2).
   It protects you from fire.
   It makes you vulnerable to cold.
   It greatly protects you from negative energy.
   It causes magical contamination when unequipped.
Wands
 d - a wand of digging (37)
 y - a wand of paralysis (47)
 K - a wand of flame (111)
 M - a wand of iceblast (42)
 O - a wand of acid (64)
 P - a wand of enslavement (7)
 W - a wand of disintegration (48)
Scrolls
 c - 8 scrolls of fear
 h - 13 scrolls of fog
 j - a scroll of brand weapon
 m - 23 scrolls of teleportation
 s - 8 scrolls of remove curse
 w - a scroll of holy word
 A - a scroll of silence
 E - 3 scrolls of amnesia
 L - 10 scrolls of identify
Potions
 e - 8 potions of ambrosia
 k - 2 potions of brilliance
 r - 4 potions of mutation
 u - a potion of resistance
 v - 5 potions of heal wounds
 B - 3 potions of magic
 C - 2 potions of cancellation
 D - 13 potions of flight
 F - 11 potions of curing
 G - 2 potions of berserk rage
 H - 9 potions of lignification
 S - 2 potions of invisibility
 T - 5 potions of haste
 U - a potion of might
Miscellaneous
 f - a condenser vane
 g - a lightning rod (4/4)
 l - a box of beasts
 o - a phantom mirror (inert)


   Skills:
 O Level 27 Fighting
 - Level 20.1 Axes
 - Level 10.0 Crossbows
 + Level 24.5 Armour
 + Level 15.2 Dodging
 - Level 25.9 Shields
 - Level 14.0 Invocations
 + Level 13.9 Evocations


You had 26 spell levels left.
You didn't know any spells.
Your spell library contained the following spells:

 Spells                   Type           Power        Failure   Level
 Animate Skeleton         Necr           0%           75%         1
 Apportation              Tloc           0%           75%         1
 Beastly Appendage        Tmut           0%           75%         1
 Corona                   Hex            0%           75%         1
 Foxfire                  Conj/Fire      0%           75%         1
 Freeze                   Ice            0%           75%         1
 Magic Dart               Conj           0%           75%         1
 Sandblast                Erth           0%           75%         1
 Shock                    Conj/Air       0%           75%         1
 Sting                    Tmut/Pois      0%           75%         1
 Summon Small Mammal      Summ           0%           75%         1
 Blink                    Tloc           N/A          87%         2
 Call Imp                 Summ           0%           87%         2
 Corpse Rot               Necr/Air       N/A          87%         2
 Ensorcelled Hibernation  Hex/Ice        0%           87%         2
 Passwall                 Tmut/Erth      0%           87%         2
 Poisonous Vapours        Pois/Air       0%           87%         2
 Searing Ray              Conj           0%           87%         2
 Slow                     Hex            0%           87%         2
 Sublimation of Blood     Necr           0%           87%         2
 Swiftness                Air            0%           87%         2
 Wereblood                Tmut           0%           87%         2
 Call Canine Familiar     Summ           0%           98%         3
 Conjure Flame            Conj/Fire      0%           98%         3
 Dazzling Flash           Conj/Hex       0%           98%         3
 Frozen Ramparts          Ice            0%           98%         3
 Gell's Gravitas          Tloc           0%           98%         3
 Ignite Poison            Fire/Tmut/Pois 0%           98%         3
 Inner Flame              Hex/Fire       0%           98%         3
 Lesser Beckoning         Tloc           0%           98%         3
 Mephitic Cloud           Conj/Pois/Air  0%           98%         3
 Ozocubu's Armour         Ice            0%           98%         3
 Portal Projectile        Hex/Tloc       0%           98%         3
 Spider Form              Tmut/Pois      0%           98%         3
 Static Discharge         Conj/Air       0%           98%         3
 Stone Arrow              Conj/Erth      0%           98%         3
 Teleport Other           Tloc           0%           98%         3
 Tukima's Dance           Hex            0%           98%         3
 Airstrike                Air            0%           100%        4
 Cause Fear               Hex            0%           100%        4
 Fulminant Prism          Conj/Hex       0%           100%        4
 Hailstorm                Conj/Ice       0%           100%        4
 Ice Form                 Ice/Tmut       0%           100%        4
 Iskenderun's Mystic Bla  Conj/Tloc      0%           100%        4
 Leda's Liquefaction      Hex/Erth       0%           100%        4
 Olgreb's Toxic Radiance  Pois           0%           100%        4
 Passage of Golubria      Tloc           N/A          100%        4
 Petrify                  Tmut/Erth      0%           100%        4
 Summon Ice Beast         Ice/Summ       0%           100%        4
 Summon Lightning Spire   Summ/Air       0%           100%        4
 Agony                    Necr           0%           100%        5
 Alistair's Intoxication  Tmut/Pois      0%           100%        5
 Bolt of Magma            Conj/Fire/Erth 0%           100%        5
 Fireball                 Conj/Fire      0%           100%        5
 Irradiate                Conj/Tmut      0%           100%        5
 Lee's Rapid Deconstruct  Erth           0%           100%        5
 Lightning Bolt           Conj/Air       0%           100%        5
 Metabolic Englaciation   Hex/Ice        0%           100%        5
 Silence                  Hex/Air        0%           100%        5
 Summon Demon             Summ           0%           100%        5
 Summon Forest            Summ/Tloc      0%           100%        5
 Summon Mana Viper        Hex/Summ       0%           100%        5
 Yara's Violent Unravell  Hex/Tmut       0%           100%        5
 Dispersal                Tloc           0%           100%        6
 Eringya's Noxious Bog    Tmut/Pois      0%           100%        6
 Freezing Cloud           Conj/Ice/Air   0%           100%        6
 Invisibility             Hex            0%           100%        6
 Iron Shot                Conj/Erth      0%           100%        6
 Ozocubu's Refrigeration  Ice            0%           100%        6
 Shadow Creatures         Summ           N/A          100%        6
 Simulacrum               Ice/Necr       0%           100%        6
 Starburst                Conj/Fire      0%           100%        6
 Statue Form              Tmut/Erth      0%           100%        6
 Dragon Form              Tmut           0%           100%        7
 Malign Gateway           Summ/Tloc      0%           100%        7
 Summon Hydra             Summ           0%           100%        7
 Discord                  Hex            0%           100%        8
 Disjunction              Tloc           0%           100%        8
 Ignition                 Fire           0%           100%        8
 Shatter                  Erth           0%           100%        9
 Tornado                  Air            0%           100%        9


Dungeon Overview and Level Annotations

Branches:
Dungeon (15/15)            Temple (0/1) D:6            Lair (6/6) D:8
  Swamp (4/4) Lair:2        Snake (4/4) Lair:4        Slime (0/5) Lair:6
    Orc (2/2) D:11            Elf (3/3) Orc:2        Vaults (5/5) D:13
  Crypt (0/3) Vaults:3     Depths (5/5) D:15            Zot (5/5) Depths:5
Ossuary (visited)           IceCv (visited)          WizLab (visited)

Altars:
Ashenzari
Fedhas
Gozag
Hepliaklqana
Kikubaaqudgha
Qazlal
Ru
Trog
Wu Jian
Yredelemnul
Zin
Beogh
Jiyva

Shops:
Orc:2 ?[([=   Elf:1 (   Snake:3 *   Snake:4 *   Depths:5 (!

Portals:
Hell: Depths:1 Depths:2 Depths:3 Depths:4 Depths:5
Abyss: Orc:2 Depths:1 Depths:2 Depths:4 Depths:5
Pandemonium: Depths:3
Ziggurat: Depths:1

Annotations:
Lair:2 3 runed translucent doors, corrupted
Lair:6 1 runed translucent door, exclusion: 4 oklob plants
Swamp:4 exclusion: oklob plant
Snake:1 corrupted
Snake:2 corrupted
Elf:2 3 runed translucent doors, Dataggej's ghost, adept MiBe; Hiliwumm's ghost, veteran MiGl; Mayja's ghost, veteran DDBe; heteroy's ghost, adept GrFi
Elf:3 corrupted
Vaults:5 corrupted
Depths:2 3 runed translucent doors, strangelove's ghost, master GrEE
Zot:1 corrupted, 2 transporters, 3 exclusions, Alunk's ghost, legendary GnFi
Zot:2 exclusion: upstairs
Zot:3 exclusions: 4 doors and 1 more exclusion
Zot:5 2 transporters, corrupted, 1 exclusion, Zeldest's ghost, veteran MiFi
Abyss:1 Aizul; Dinant's ghost, journeyman DsMo; Donald; Josephine; Maurice; Menkaure; Sonja; howech's ghost, veteran MiGl


Innate Abilities, Weirdness & Mutations

You reflexively headbutt those who attack you in melee.
You have a pair of horns on your head.
You have large cloven feet.
Your system is resistant to poisons. (rPois)
Your movements are slightly less encumbered by armour. (ER -2)


Message History

The golden eye blinks at you. You resist with almost no effort.
You miss the golden eye. Your headbutt misses the golden eye.
The golden eye blinks at you. You resist with almost no effort.
The golden eye blinks at you. You resist with almost no effort.
You completely miss the golden eye. You headbutt the golden eye!
The golden eye is heavily wounded.
Okay, then.
Blink to where?
Press: ? - help, Dir - move target
As you read the scroll of blinking, it crumbles to dust.
The golden eye blinks at you. You resist with almost no effort.
The golden eye blinks at you. You resist with some effort.
There is a staircase leading out of the dungeon here.
The golden eye blinks!
You have escaped!

#.#....#.#.#.#.#.#.#.#...#
#.#..##...............##.#
#.####......#..........#.#
#....##.......#.......##.#
######.....#....#......#.#
##...........#...##.#
#....#.#.#.#...#..###
##...............##
#...#..#.@.#..#...#
##.............G.##
#..#...#.#.#.#....#
######...#...........##
#...#......#....#.....######
#.####.......#.....X.##...4###
#...#..........#...ยง..###..G..
#...##...............####..###
#.....#.#.#.#.#.#.#.#.G.#..# #


You could see an Orb Guardian and a golden eye.

Vanquished Creatures
  2 orbs of fire
  3 ancient liches (Zot:5)
  A juggernaut (Zot:4)
  Vashnia (Snake:2)
  Saint Roka (Elf:2)
  Frederick (Vaults:4)
  6 Killer Klowns
  Xtahua (Depths:5)
  3 caustic shrikes
  A curse toe (Zot:4)
  Nikola (Snake:4)
  9 golden dragons
  Jory (Vaults:4)
  2 electric golems (Zot:5)
  12 tentacled monstrosities
  21 Orb Guardians
  A deep elf blademaster (Elf:3)
  An eldritch tentacle (WizLab)
  6 titans
  2 liches
  5 quicksilver dragons
  6 sphinxes
  8 death cobs
  The ghost of rgaf the Tortoise, an adept VSFi of Uskayaw (Vaults:1)
  10 storm dragons
  6 tengu reavers
  Agnes (Elf:2)
  6 shadow dragons
  3 thorn hunters
  7 nagarajas
  4 draconian monks
  A fenstrider witch (Swamp:2)
  Kirke (Swamp:3)
  2 azure jellies (Vaults:2)
  9 deep elf sorcerers
  6 frost giants
  17 vault wardens
  2 draconian shifters
  5 fire giants
  2 draconian scorchers
  An iron dragon (Depths:3)
  Louise (Elf:1)
  2 orc warlords
  3 deep elf elementalists
  2 ghost moths
  2 draconian annihilators (Zot:1)
  A cacodemon (Abyss:1)
  A hydra skeleton (Swamp:4)
  2 draconian stormcallers
  14 ironheart preservers
  2 war gargoyles
  A caustic shrike skeleton (D:15)
  12 very ugly things
  14 stone giants
  4 vampire knights
  8 deep elf annihilators
  A green draconian (Zot:5)
  6 deep elf demonologists
  4 black draconians
  6 bunyips
  9 purple draconians
  4 red draconians
  6 white draconians
  8 yellow draconians
  7 spark wasps
  A dire elephant (shapeshifter) (Vaults:5)
  A bunyip (shapeshifter) (Vaults:5)
  An eidolon (WizLab)
  11 ettins
  Snorg (D:12)
  3 jiangshi (Depths:5)
  4 eleionomae
  4 deep elf death magi
  12 fire dragons
  Erolcha (Abyss:1)
  A shambling mangrove (Swamp:4)
  21 vault guards
  A deep elf high priest (Depths:3)
  The ghost of Dikli the Blocker, a journeyman MiBe of Trog (Lair:3)
  19 yaktaur captains
  A rakshasa (Depths:4)
  The ghost of fiver49 the Spear-Bearer, a journeyman MfDe of Gozag (D:8)
  6 great orbs of eyes
  4 ice dragons
  Harold (D:7)
  A hydra (Swamp:4)
  7 boulder beetles
  2 ghost crabs (Swamp:1)
  20 naga warriors
  A juggernaut simulacrum (Depths:1)
  Fannar (D:11)
  A merfolk avatar (Lair:6)
  3 spriggan air magi
  6 alligators
  45 two-headed ogres
  15 centaur warriors
  7 anacondas
  Erica (D:9)
  A two-headed ogre (shapeshifter) (Vaults:5)
  31 dancing weapons
  3 death knights
  11 ogre magi
  3 orc high priests
  An alligator (shapeshifter) (Depths:1)
  5 death yaks
  11 deep troll shamans
  5 tengu warriors
  10 shock serpents
  A hell hog (Orc:2)
  13 deep troll earth magi
  Urug (D:11)
  12 naga sharpshooters
  4 vampire magi
  2 thrashing horrors (WizLab)
  25 deep elf knights
  9 hell knights
  2 spriggan berserkers (Depths:5)
  Nergalle (D:11)
  A fire crab (D:14)
  A soul eater (Depths:1)
  2 sixfirhies (WizLab)
  2 salamander mystics
  4 iron trolls
  5 unseen horrors
  A death drake (Vaults:2)
  8 skeletal warriors
  33 deep trolls
  7 naga ritualists
  3 glowing orange brains
  A sea snake (Lair:6)
  2 flayed ghosts
  6 spriggan druids
  An obsidian statue (WizLab)
  8 swamp dragons
  3 goliath frogs
  6 phantasmal warriors
  3 bog bodies
  3 wizards
  A golden dragon skeleton (Depths:2)
  4 spectral hydras (Swamp:4)
  78 deep elf magi
  26 deep elf archers
  Pikel (D:7)
  9 necromancers
  15 orc knights
  6 harpies
  An orb spider (shapeshifter) (Depths:3)
  8 ironbrand convokers
  A lindwurm (Lair:5)
  2 oklob plants (Lair:4)
  5 wolf spiders
  A mana viper (shapeshifter) (Depths:3)
  9 mana vipers
  2 stone giant zombies
  34 ugly things
  11 salamanders
  A sphinx skeleton (Vaults:1)
  4 salamanders (shapeshifter)
  2 will-o-the-wisps
  4 elephants (Lair:6)
  6 orc sorcerers
  A frost giant zombie (Depths:1)
  A fire giant skeleton (Depths:2)
  17 moths of wrath
  3 ice statues
  5 manticores
  A tengu skeleton (Depths:1)
  9 cyclopes
  A spriggan zombie (Depths:2)
  44 black mambas
  Psyche (D:10)
  4 guardian serpents (Snake:4)
  A black mamba (shapeshifter) (Vaults:2)
  16 vault sentinels
  25 naga magi
  A torpor snail (Lair:5)
  3 gargoyles
  Maggie (D:8)
  An orange demon (WizLab)
  11 cane toads
  A komodo dragon (shapeshifter) (Vaults:1)
  A human zombie (Vaults:1)
  A yaktaur zombie (Depths:1)
  3 efreet
  59 yaktaurs
  9 freezing wraiths
  9 rime drakes
  8 komodo dragons
  5 hellwings (Depths:1)
  A demonic crawler (WizLab)
  2 anaconda simulacra (Vaults:2)
  3 meliai (Lair:4)
  A hydra zombie (Swamp:4)
  A spriggan skeleton (Depths:2)
  A tengu conjurer (Depths:1)
  3 death drake zombies (Swamp:4)
  2 red devils (WizLab)
  2 queen bees (shapeshifter)
  11 tyrant leeches
  2 bloated husks
  2 polar bears (shapeshifter)
  18 polar bears
  16 blink frogs
  6 trolls
  21 hornets
  25 slime creatures
  Prince Ribbit (D:9)
  3 death drake skeletons (Swamp:4)
  11 dream sheep
  2 dream sheep (shapeshifter) (Depths:3)
  An air elemental (Elf:3)
  A deep troll skeleton (Depths:1)
  A spriggan (shapeshifter) (D:13)
  4 starcursed masses (Abyss:1)
  16 spriggans
  4 redbacks
  67 yaks
  7 water elementals
  2 shadows
  6 wyverns
  2 redbacks (shapeshifter)
  A hog (Swamp:3)
  9 wraiths
  A tarantella (Vaults:2)
  5 basilisks
  5 fire elementals
  2 golden eyes (D:1)
  8 vampire mosquitoes
  2 small abominations
  A large abomination (Orc:2)
  2 chaos spawn
  9 swamp worms
  6 wargs
  A yaktaur simulacrum (Vaults:3)
  2 acid dragons
  An ogre zombie (Vaults:1)
  A harpy simulacrum (Vaults:2)
  45 nagas
  4 spatial vortices (WizLab)
  2 hydra simulacra (Swamp:4)
  4 hell hounds (Depths:1)
  A floating eye (Depths:4)
  A monstrous demonspawn skeleton (WizLab)
  16 water moccasins
  4 swamp drakes
  59 orc warriors
  An ettin simulacrum (Vaults:3)
  A phantom (D:5)
  8 ice beasts
  7 sky beasts
  2 black bears
  7 boggarts
  A necrophage (D:11)
  40 ogres
  42 wolves
  An eye of draining (D:12)
  3 swamp dragon zombies (Swamp:4)
  15 centaurs
  3 lemures (D:7)
  5 big kobolds
  14 bullfrogs
  2 gnoll sergeants
  7 water moccasin zombies
  2 earth elementals (Elf:3)
  6 scorpions
  An elephant simulacrum (Vaults:2)
  46 killer bees
  9 wights
  2 howler monkeys (D:9)
  2 vampire bats (Orc:2)
  3 electric eels (Lair:5)
  4 crimson imps (Depths:1)
  A bullfrog zombie (D:6)
  7 centaur zombies
  A human simulacrum (Vaults:1)
  2 quasits (D:10)
  5 bullfrog skeletons
  6 hounds
  34 orc priests
  31 orc wizards
  7 centaur skeletons
  Terence (D:2)
  13 worker ants
  A troll simulacrum (Vaults:2)
  3 killer bee zombies
  2 bullfrog simulacra (D:8)
  A centaur simulacrum (D:8)
  A big kobold zombie (Ossuary)
  2 hound skeletons
  A hound zombie (D:9)
  2 mummies (Ossuary)
  11 gnolls
  A howler monkey skeleton (D:7)
  17 adders
  3 naga simulacra (Vaults:2)
  A hound simulacrum (D:8)
  A shadow imp (D:8)
  3 white imps
  7 ufetubi
  2 oozes
  6 adder zombies
  3 adder skeletons
  7 worms
  A dart slug (D:2)
  7 leopard geckos
  139 orcs
  2 ball pythons
  11 bats
  11 giant cockroaches
  3 gnoll zombies (Ossuary)
  5 goblins
  2 hobgoblins
  16 jackals
  11 quokkas
  6 frilled lizards
  3 hobgoblin zombies (Ossuary)
  A jackal skeleton (D:6)
  18 kobolds
  7 kobold zombies (Ossuary)
  A leopard gecko skeleton (D:5)
  An orc zombie (Ossuary)
  3 rats
  2 crawling corpses (Vaults:1)
  A plant (Lair:4)
2333 creatures vanquished.

Vanquished Creatures (collateral kills)
  A black draconian (Zot:4)
  A red draconian (Zot:5)
  A two-headed ogre (Vaults:1)
  A necromancer (Vaults:1)
  A black mamba (Snake:1)
  An orc (Elf:2)
6 creatures vanquished.

Vanquished Creatures (others)
  A curse toe (Zot:5)
  A golden dragon (Vaults:5)
  A titan (Vaults:5)
  An Executioner (Zot:5)
  3 deep elf sorcerers (Elf:3)
  A draconian scorcher (Depths:5)
  A draconian knight (Zot:2)
  An iron dragon (Vaults:5)
  2 vault wardens (Vaults:5)
  A draconian stormcaller (Zot:1)
  2 deep elf demonologists (Elf:3)
  A green draconian (Zot:1)
  3 deep elf annihilators
  A purple draconian (Zot:5)
  A yellow draconian (Zot:4)
  A deep elf high priest (Elf:3)
  The ghost of Junaliek the Protected, a journeyman MiFi of Okawaru (Lair:2)
  A yaktaur captain (Vaults:5)
  2 naga warriors (Snake:2)
  A hydra (Lair:2)
  9 vault guards (Vaults:5)
  5 death yaks (Lair:2)
  A naga sharpshooter (Snake:2)
  A shock serpent (Snake:2)
  A deep elf knight (Elf:3)
  A spriggan (Swamp:1)
  2 deep trolls
  A deep elf archer (Elf:3)
  An ironbrand convoker (Vaults:5)
  A deep elf mage (Elf:3)
  A salamander (Snake:2)
  A black mamba (Snake:2)
  3 naga magi
  4 yaktaurs
  A bloated husk (Swamp:1)
  A hornet (Swamp:1)
  A hog (shapeshifter) (Vaults:5)
  A human (Swamp:3)
  A swamp worm (Swamp:1)
  7 nagas
  An orc warrior (Orc:1)
  An ogre (Vaults:2)
  An iguana (Lair:2)
  2 orcs
  28 foxfires
  50 fungi
  A lurking horror (WizLab)
  116 plants
  40 starspawn tentacles
  4 withered plants (D:15)
315 creatures vanquished.

Grand Total: 2654 creatures vanquished

Notes
Turn   | Place    | Note
-------+----------+-------------------------------------------
     0 | Abyss:1  | poulshu the Minotaur Abyssal Knight began the quest for the
                  | Orb.
     0 | Abyss:1  | Reached XP level 1. HP: 19/19 MP: 1/1
    27 | Abyss:1  | Noticed an iron imp
    33 | Abyss:1  | Noticed an efreet
    34 | Abyss:1  | Noticed an efreet
    52 | D:1      | Escaped the Abyss
   115 | D:1      | Reached * piety under Lugonu
   116 | D:1      | Reached skill level 4 in Fighting
   692 | D:1      | Reached XP level 2. HP: 27/27 MP: 2/2
  1230 | D:2      | Noticed Terence
  1534 | D:2      | Reached XP level 3. HP: 25/33 MP: 3/3
  1737 | D:2      | Killed Terence
  1738 | D:2      | Reached XP level 4. HP: 34/40 MP: 3/5
  2180 | D:2      | Reached skill level 5 in Axes
  2238 | D:2      | Reached XP level 5. HP: 46/46 MP: 6/6
  2715 | D:3      | Reached XP level 6. HP: 49/52 MP: 7/7
  2978 | D:3      | Found a faded altar of an unknown god.
  3036 | D:3      | Found an ornate altar of the Wu Jian Council.
  3667 | D:4      | Got a crude ring mail
  3678 | D:4      | Identified the +1 ring mail "Bojegay" {*Contam Str+3 Dex+6}
                  | (You found it on level 4 of the Dungeon)
  3771 | D:4      | Reached ** piety under Lugonu
  3772 | D:4      | Found a broken altar of Ashenzari.
  4619 | D:5      | Entered Level 5 of the Dungeon
  4704 | D:5      | Reached XP level 7. HP: 54/59 MP: 9/9
  4908 | D:5      | Got a bloodstained ring mail
  4957 | D:4      | Identified the +4 ring mail of Cheibriados's Regard {*Slow
                  | rF++} (You found it on level 5 of the Dungeon)
  4990 | D:5      | Got a heavily runed ring mail
  4991 | D:5      | Identified the cursed +0 ring mail "Nexeduvek" {Int+2} (You
                  | found it on level 5 of the Dungeon)
  5106 | D:5      | Reached skill level 5 in Invocations
  5731 | D:6      | Reached XP level 8. HP: 32/66 MP: 11/11
  5926 | D:6      | Reached *** piety under Lugonu
  5932 | D:6      | Reached skill level 10 in Axes
  6158 | D:6      | Found a staircase to the Ecumenical Temple.
  7338 | D:7      | Found a sand-covered staircase.
  7345 | Ossuary  | Entered an ossuary
  7467 | Ossuary  | Reached XP level 9. HP: 57/71 MP: 11/13
  7902 | D:7      | Noticed Menkaure
  7912 | D:7      | Reached **** piety under Lugonu
  7912 | D:7      | Banished Menkaure
  8178 | D:7      | Noticed Harold
  8499 | D:7      | Killed Harold
  9100 | D:7      | Noticed Pikel
  9143 | D:7      | Killed Pikel
  9144 | D:7      | Reached XP level 10. HP: 58/78 MP: 11/15
  9709 | D:8      | Noticed Maggie
  9743 | D:8      | Killed Maggie
  9852 | D:8      | Noticed fiver49's ghost (journeyman MfDe)
 10030 | D:8      | Found a runed translucent gate.
 10030 | D:8      | Found a runed translucent gate.
 10030 | D:8      | Found a runed translucent gate.
 10136 | D:8      | Found a staircase to the Lair.
 10365 | D:8      | Reached ***** piety under Lugonu
 11358 | D:9      | Found a blossoming altar of Fedhas.
 11358 | D:9      | Noticed Maurice
 11436 | D:9      | Banished Maurice
 11514 | D:9      | Reached skill level 15 in Axes
 11691 | D:9      | Noticed Prince Ribbit
 11708 | D:9      | Killed Prince Ribbit
 11781 | D:9      | Noticed Erica
 11795 | D:9      | Killed Erica
 12002 | D:9      | Reached XP level 11. HP: 20/84 MP: 5/17
 12366 | D:9      | Found a sacrificial altar of Ru.
 12366 | D:9      | Found a hazy altar of Hepliaklqana.
 12368 | D:9      | Found a stormy altar of Qazlal.
 12368 | D:9      | Found a basalt altar of Yredelemnul.
 12375 | D:9      | Found an opulent altar of Gozag.
 12375 | D:9      | Found a bloodstained altar of Trog.
 12376 | D:9      | Found a glowing silver altar of Zin.
 12378 | D:9      | Reached skill level 10 in Invocations
 12799 | D:10     | Entered Level 10 of the Dungeon
 12823 | D:10     | Found an ancient bone altar of Kikubaaqudgha.
 13012 | D:10     | Noticed a four-headed hydra
 13013 | D:10     | Banished a four-headed hydra
 13433 | D:10     | Noticed Psyche
 13446 | D:10     | Killed Psyche
 13688 | Lair:1   | Entered Level 1 of the Lair of Beasts
 14846 | Lair:1   | Reached skill level 1 in Shields
 15852 | Lair:2   | Reached XP level 12. HP: 91/91 MP: 19/19
 15881 | Lair:2   | Reached skill level 5 in Shields
 15898 | Lair:2   | Found a staircase to the Swamp.
 16094 | Lair:2   | Found a runed translucent gate.
 16094 | Lair:2   | Found a runed translucent gate.
 16094 | Lair:2   | Found a runed translucent gate.
 16094 | Lair:2   | Noticed Junaliek's ghost (journeyman MiFi)
 16094 | Lair:2   | Noticed a 13-headed hydra
 16094 | Lair:2   | Noticed a 13-headed hydra
 16133 | Lair:2   | Noticed a death yak
 16133 | Lair:2   | Noticed a death yak
 16133 | Lair:2   | Noticed a death yak
 16136 | Lair:2   | Noticed a death yak
 16139 | Lair:2   | Noticed a death yak
 16168 | Lair:2   | Corrupted Lair:2
 16168 | Lair:2   | Noticed a reaper
 16168 | Lair:2   | Noticed a hell hog
 16168 | Lair:2   | Noticed a starcursed mass
 16176 | Lair:2   | Noticed a cacodemon
 16334 | Lair:1   | Banished a 13-headed hydra
 16475 | Lair:2   | Killed a 13-headed hydra
 16487 | Lair:2   | Noticed a tentacled starspawn
 16488 | Lair:2   | Noticed a starcursed mass
 16496 | Lair:2   | Killed a death yak
 16499 | Lair:2   | Killed a death yak
 16506 | Lair:2   | Killed Junaliek's ghost
 16510 | Lair:2   | Killed a death yak
 16510 | Lair:2   | Killed a death yak
 16510 | Lair:2   | Killed a death yak
 16715 | Lair:2   | Reached skill level 5 in Fighting
 17470 | Lair:3   | Reached skill level 6 in Fighting
 17657 | Lair:3   | Reached skill level 7 in Fighting
 17759 | Lair:3   | Got a sparkling ivory ring
 17761 | Lair:3   | Identified the ring of Vastro {Fire +Inv Int+4 Dex-3
                  | Stlth+} (You found it on level 3 of the Lair of Beasts)
 18079 | Lair:3   | Got a faintly glowing leather armour
 18090 | Lair:3   | Identified the +2 leather armour of Yschur {Rampage Str+3
                  | Int+4} (You found it on level 3 of the Lair of Beasts)
 18189 | Lair:3   | Found a large runed translucent door.
 18190 | Lair:3   | Found a large runed translucent door.
 18191 | Lair:3   | Noticed Dikli's ghost (journeyman MiBe)
 18363 | Lair:3   | Noticed a four-headed hydra
 18364 | Lair:3   | Banished a four-headed hydra
 18365 | Lair:3   | Reached skill level 8 in Fighting
 18768 | Lair:3   | Reached skill level 9 in Fighting
 19152 | Lair:4   | Noticed a four-headed hydra
 19488 | D:11     | Noticed Nergalle
 19513 | D:11     | Killed Nergalle
 19772 | D:11     | Noticed a six-headed hydra
 19786 | D:11     | Banished a six-headed hydra
 19833 | D:11     | Noticed Fannar
 19854 | D:11     | Killed Fannar
 19855 | D:11     | Reached XP level 13. HP: 109/111 MP: 5/20
 19934 | D:11     | Found a roughly hewn altar of Beogh.
 20002 | D:11     | Found a staircase to the Orcish Mines.
 20190 | D:11     | Got a translucent halberd
 20198 | D:11     | Identified the +5 halberd of Karma {vorpal, rPois Str+4
                  | Int+6} (You found it on level 11 of the Dungeon)
 20211 | D:11     | Reached skill level 10 in Fighting
 20384 | D:11     | Noticed Josephine
 20624 | D:11     | Banished Josephine
 20820 | D:11     | Noticed Urug
 20845 | D:11     | Killed Urug
 21069 | Orc:1    | Entered Level 1 of the Orcish Mines
 21197 | Orc:1    | Found a roughly hewn altar of Beogh.
 21221 | Orc:1    | Noticed an orc warlord
 21484 | Orc:1    | Banished an orc warlord
 21753 | Orc:1    | Noticed Sonja
 21769 | Orc:1    | Banished Sonja
 22120 | D:12     | Noticed Snorg
 22235 | D:12     | Killed Snorg
 22597 | D:12     | Reached skill level 5 in Armour
 23772 | D:13     | Reached ****** piety under Lugonu
 24034 | D:13     | Reached XP level 14. HP: 116/121 MP: 5/21
 24715 | D:13     | Reached skill level 10 in Armour
 25142 | D:13     | Found a gate to the Vaults.
 25169 | D:14     | Found a broken altar of Ashenzari.
 25299 | D:14     | Reached skill level 11 in Fighting
 25534 | D:14     | Found a frozen archway.
 25551 | IceCv    | Entered an ice cave
 26066 | IceCv    | Noticed a frost giant
 26073 | IceCv    | Reached skill level 10 in Shields
 26076 | IceCv    | Banished a frost giant
 26077 | IceCv    | Reached skill level 12 in Fighting
 27507 | D:14     | Noticed a fire giant
 27516 | D:14     | Banished a fire giant
 27528 | D:14     | Reached skill level 13 in Fighting
 27528 | D:14     | Reached XP level 15. HP: 130/135 MP: 4/22
 27945 | D:8      | Killed fiver49's ghost
 27955 | D:8      | Got the ring "Zadyidy" {Fire}
 27957 | D:8      | Identified the ring "Zadyidy" {Fire *Contam rN++ Str+4
                  | Dex+2} (You found it on level 8 of the Dungeon)
 28131 | Lair:3   | Cast into level 2 of the Abyss (Dikli's ghost)
 28132 | Lair:3   | Escaped the Abyss
 28137 | Lair:3   | Killed Dikli's ghost
 28625 | Lair:4   | Found a staircase to the Snake Pit.
 29992 | Lair:5   | Reached skill level 14 in Fighting
 30150 | Lair:5   | Got a pair of faintly humming gloves
 30161 | Lair:5   | Identified the cursed +0 pair of gloves of Juro {rPois MP-9
                  | Slay+5 SInv} (You found it on level 5 of the Lair of
                  | Beasts)
 30624 | Lair:6   | Entered Level 6 of the Lair of Beasts
 31181 | Lair:6   | Identified a +4 broad axe of distortion (a +2 antimagic
                  | broad axe corrupted by Lugonu)
 31181 | Lair:6   | Received a gift from Lugonu
 31534 | Lair:6   | Found a runed translucent door.
 31534 | Lair:6   | Found a viscous altar of Jiyva.
 31534 | Lair:6   | Noticed an acid blob
 31535 | Lair:6   | Found a staircase to the Slime Pits.
 31535 | Lair:6   | Noticed an acid blob
 31711 | Lair:6   | Reached skill level 15 in Fighting
 32044 | Lair:6   | Reached XP level 16. HP: 150/150 MP: 23/23
 32867 | Orc:2    | Entered Level 2 of the Orcish Mines
 32867 | Orc:2    | Found a staircase to the Elven Halls.
 33162 | Orc:1    | Reached skill level 16 in Fighting
 33422 | Orc:1    | Reached skill level 15 in Shields
 33422 | Orc:1    | Reached XP level 17. HP: 103/158 MP: 17/24
 33598 | Orc:1    | Got a crude great sword
 33604 | Orc:1    | Identified the +2 great sword of Ragnarok {freeze, *Contam
                  | rPois rN+} (You found it on level 1 of the Orcish Mines)
 34052 | Orc:2    | Found Estrepra's Armour Shop.
 34146 | Orc:2    | Found a transporter.
 34148 | Orc:2    | Found a transporter.
 34169 | Orc:2    | Noticed Dinant's ghost (journeyman DsMo)
 34175 | Orc:2    | Identified the +7 great mace "Beetlebane" {distort, Will-
                  | Dex+3 SInv}
 34321 | Orc:2    | Noticed Erolcha
 34331 | Orc:2    | Banished Erolcha
 34372 | Orc:2    | Found a roughly hewn altar of Beogh.
 34722 | Orc:2    | Found a roughly hewn altar of Beogh.
 34722 | Orc:2    | Found Pibonn's Magic Scroll Shop.
 35021 | Orc:2    | Found a roughly hewn altar of Beogh.
 35119 | Orc:2    | Found a roughly hewn altar of Beogh.
 35125 | Orc:2    | Found Suqystrerr's Jewellery Shop.
 35186 | Orc:2    | Found Kirodghyrgh's Antique Weapon Emporium.
 35187 | Orc:2    | Found a roughly hewn altar of Beogh.
 35188 | Orc:2    | Found Vales's Antique Armour Shoppe.
 35416 | Orc:2    | Banished Dinant's ghost
 35427 | Orc:2    | Found a one-way gate to the infinite horrors of the Abyss.
 35924 | Lair:6   | Got a fading ring mail
 35935 | Lair:6   | Identified the +5 ring mail of Bedazzling Creativity
                  | {Will+} (You found it on level 6 of the Lair of Beasts)
 36242 | D:15     | Entered Level 15 of the Dungeon
 36413 | D:15     | Found a staircase to the Depths.
 36472 | D:15     | Reached skill level 17 in Fighting
 36492 | D:15     | Upgraded the game from 0.26.0-7-g794d0892b4 to
                  | 0.26.0-10-g1f06aea511
 37858 | Snake:1  | Entered Level 1 of the Snake Pit
 37859 | Snake:1  | Corrupted Snake:1
 37859 | Snake:1  | Noticed a hellephant
 37859 | Snake:1  | Noticed a bone dragon
 37937 | Swamp:1  | Entered Level 1 of the Swamp
 38543 | Swamp:1  | Reached skill level 18 in Fighting
 39140 | Swamp:2  | Paralysed by a hornet for 1 turns
 39910 | Swamp:3  | Noticed Kirke
 39934 | Swamp:3  | Killed Kirke
 39958 | Swamp:3  | Reached XP level 18. HP: 156/173 MP: 16/25
 40455 | Swamp:4  | Entered Level 4 of the Swamp
 40677 | Swamp:4  | Reached skill level 19 in Fighting
 40977 | Swamp:3  | Upgraded the game from 0.26.0-10-g1f06aea511 to
                  | 0.26.0-11-g8f856b5395
 41361 | Swamp:4  | Reached skill level 15 in Armour
 41736 | Swamp:4  | Found a blossoming altar of Fedhas.
 41778 | Swamp:4  | Found a basalt altar of Yredelemnul.
 41928 | Swamp:4  | Got a decaying rune of Zot
 42301 | Snake:1  | Reached skill level 20 in Fighting
 43624 | Snake:2  | Corrupted Snake:2
 43957 | Snake:2  | Noticed Vashnia
 44023 | Snake:2  | Reached XP level 19. HP: 114/187 MP: 17/26
 44113 | Snake:2  | Killed Vashnia
 44206 | Snake:1  | Upgraded the game from 0.26.0-11-g8f856b5395 to
                  | 0.26.0-15-gc6cd9f700b
 44357 | Snake:2  | Noticed Aizul
 44370 | Snake:2  | Banished Aizul
 45048 | Orc:2    | Bought a scroll of enchant armour for 82 gold pieces
 45048 | Orc:2    | Bought a scroll of blinking for 82 gold pieces
 45048 | Orc:2    | Bought a scroll of teleportation for 33 gold pieces
 45048 | Orc:2    | Bought a scroll of brand weapon for 220 gold pieces
 45048 | Orc:2    | Bought a scroll of blinking for 82 gold pieces
 45665 | Snake:3  | Reached skill level 21 in Fighting
 45868 | Snake:3  | Identified a scroll of acquirement
 45873 | Snake:3  | Acquired the ring "Panuda" {rPois rF++ Str+6 Dex+5}
 45944 | Snake:3  | Found Qannulu's General Store.
 45952 | Snake:3  | Bought a potion of curing for 48 gold pieces
 45952 | Snake:3  | Bought a scroll of teleportation for 48 gold pieces
 46367 | Snake:4  | Entered Level 4 of the Snake Pit
 46494 | Snake:4  | Identified the +3 kite shield of Narcissism {-Cast Rampage
                  | rPois Regen+}
 46494 | Snake:4  | Noticed Donald
 46505 | Snake:4  | Banished Donald
 46861 | Snake:4  | Found Balot's Assorted Antiques.
 46888 | Snake:4  | Bought a scroll of teleportation for 93 gold pieces
 46888 | Snake:4  | Bought a phantom mirror for 1240 gold pieces
 46888 | Snake:4  | Bought a potion of haste for 310 gold pieces
 46888 | Snake:4  | Bought a fine brass ring for 155 gold pieces
 46888 | Snake:4  | Bought a scroll of teleportation for 93 gold pieces
 46898 | Snake:4  | Identified the ring "Jangebi" {rC+ rN+} (You bought it in a
                  | shop on level 4 of the Snake Pit)
 47116 | Snake:4  | Noticed Nikola
 47137 | Snake:4  | Killed Nikola
 47598 | Snake:4  | Reached skill level 5 in Evocations
 48596 | Snake:4  | Got a serpentine rune of Zot
 48614 | Snake:4  | Reached XP level 20. HP: 182/198 MP: 18/27
 49121 | Elf:1    | Entered Level 1 of the Elven Halls
 49356 | Elf:1    | Noticed Louise
 49387 | Elf:1    | Killed Louise
 49622 | Elf:1    | Reached skill level 10 in Evocations
 50053 | Elf:1    | Found Tudauh's Weapon Emporium.
 50515 | Elf:2    | Found an ancient bone altar of Kikubaaqudgha.
 50516 | Elf:2    | Noticed Saint Roka
 50556 | Elf:2    | Killed Saint Roka
 50804 | Elf:2    | Reached skill level 22 in Fighting
 50832 | Elf:2    | Found a runed translucent gate.
 50833 | Elf:2    | Found a runed translucent gate.
 50834 | Elf:2    | Found a runed translucent gate.
 50836 | Elf:2    | Noticed heteroy's ghost (adept GrFi)
 50836 | Elf:2    | Noticed Dataggej's ghost (adept MiBe)
 50837 | Elf:2    | Noticed Hiliwumm's ghost (veteran MiGl)
 50837 | Elf:2    | Noticed Mayja's ghost (veteran DDBe)
 50837 | Elf:2    | Noticed heteroy's ghost (adept GrFi)
 51023 | Elf:2    | Found a runed translucent gate.
 51023 | Elf:2    | Found a runed translucent gate.
 51023 | Elf:2    | Found a runed translucent gate.
 51540 | Vaults:1 | Entered Level 1 of the Vaults
 51925 | Vaults:1 | Acquired the +4 broad axe of Giaw {holy, +Rage Will+
                  | Stlth+}
 52123 | Vaults:1 | Reached skill level 5 in Dodging
 52337 | Vaults:1 | Reached XP level 21. HP: 209/209 MP: 19/28
 52534 | Vaults:1 | Found a runed translucent door.
 52534 | Vaults:1 | Noticed rgaf's ghost (adept VSFi)
 52590 | Vaults:1 | Killed rgaf's ghost
 53150 | Vaults:2 | Acquired a scarf of shadows
 53189 | Vaults:2 | Gained mutation: You tend to lose your temper in combat.
                  | [mutagenic glow]
 53587 | Vaults:2 | Lost mutation: You tend to lose your temper in combat.
                  | [potion of mutation]
 53587 | Vaults:2 | Gained mutation: You have large cloven feet. [potion of
                  | mutation]
 53587 | Vaults:2 | Gained mutation: Your muscles are strong. (Str +2) [potion
                  | of mutation]
 53622 | Vaults:2 | Reached skill level 23 in Fighting
 53787 | Vaults:2 | Identified the Almanac of Intoxication
 54026 | Vaults:2 | Found a runed translucent door.
 54283 | Vaults:2 | Paralysed by a wizard for 2 turns
 54340 | Vaults:2 | Noticed howech's ghost (veteran MiGl)
 54412 | Vaults:2 | Identified the Tome of Ice
 54931 | Vaults:3 | Found a staircase to the Crypt.
 55194 | Vaults:3 | Upgraded the game from 0.26.0-15-gc6cd9f700b to
                  | 0.26.0-16-gc1dbca0489
 55247 | Vaults:3 | Found a magical portal.
 55256 | WizLab   | Entered The Roulette of Golubria
 55256 | WizLab   | Found a transporter.
 55259 | WizLab   | Found a corrupted altar of Lugonu.
 55380 | WizLab   | Found a transporter.
 55431 | WizLab   | Found a transporter.
 55431 | WizLab   | Found a transporter.
 55454 | WizLab   | Found a transporter.
 55519 | WizLab   | Found a transporter.
 55544 | WizLab   | Found a transporter.
 55552 | WizLab   | Found a transporter.
 55558 | WizLab   | Found a corrupted altar of Lugonu.
 55565 | WizLab   | Found a transporter.
 55581 | WizLab   | Found a transporter.
 55630 | WizLab   | Found a corrupted altar of Lugonu.
 55640 | WizLab   | Found a transporter.
 55800 | WizLab   | Found a transporter.
 55848 | WizLab   | Found a transporter.
 55863 | WizLab   | Identified Golubria's Almanac of the Voyage
 55870 | WizLab   | Found a transporter.
 55870 | WizLab   | Found a transporter.
 55906 | WizLab   | Found a transporter.
 55936 | WizLab   | Identified the +2 cloak of Oraxu {-Cast rC+ Int+3 Dex+4}
                  | (You found it in a wizard's laboratory)
 55938 | WizLab   | Identified the ring "Xisasega" {+Fly SInv} (You found it in
                  | a wizard's laboratory)
 55962 | WizLab   | Identified the cursed +0 cloak of Fiddi {rC+} (You found it
                  | in a wizard's laboratory)
 56031 | WizLab   | Found a transporter.
 56077 | WizLab   | Found a transporter.
 56097 | WizLab   | Found a transporter.
 56097 | WizLab   | Found a transporter.
 56119 | WizLab   | Identified Golubria's Reference Book on the Voyage
 56282 | Vaults:3 | Paralysed by a Zot trap for 5 turns
 56287 | Vaults:3 | Lost mutation: Your muscles are strong. (Str +2) [mutagenic
                  | glow]
 56307 | Vaults:3 | Gained mutation: You tend to lose your temper in combat.
                  | [mutagenic glow]
 56321 | Vaults:3 | Gained mutation: You are covered in fur. (AC +1) [mutagenic
                  | glow]
 56329 | Vaults:3 | Gained mutation: You do not regenerate when monsters are
                  | visible. [mutagenic glow]
 56424 | Vaults:3 | Lost mutation: You are covered in fur. (AC +1) [potion of
                  | mutation]
 56424 | Vaults:3 | Lost mutation: You have large cloven feet. [potion of
                  | mutation]
 56424 | Vaults:3 | Lost mutation: You tend to lose your temper in combat.
                  | [potion of mutation]
 56424 | Vaults:3 | Lost mutation: You do not regenerate when monsters are
                  | visible. [potion of mutation]
 56424 | Vaults:3 | Gained mutation: Scrolls take you a little longer to read.
                  | [potion of mutation]
 56424 | Vaults:3 | Gained mutation: You evolve. [potion of mutation]
 56488 | Vaults:3 | Reached XP level 22. HP: 185/222 MP: 20/29
 56678 | Vaults:3 | Reached skill level 24 in Fighting
 57311 | Vaults:4 | Noticed Frederick
 57339 | Vaults:4 | Killed Frederick
 57420 | Vaults:4 | Noticed Jory
 57439 | Vaults:4 | Killed Jory
 57503 | Vaults:4 | Reached skill level 10 in Dodging
 58398 | Vaults:4 | Lost mutation: Scrolls take you a little longer to read.
                  | [evolution]
 58940 | Elf:2    | Noticed Agnes
 58948 | Elf:2    | Reached skill level 25 in Fighting
 58951 | Elf:2    | Killed Agnes
 59208 | Elf:2    | Reached XP level 23. HP: 233/234 MP: 21/30
 59455 | Elf:3    | Entered Level 3 of the Elven Halls
 59742 | Elf:3    | Identified the ring "Woexoew" {Fire rPois Will+ MP-9
                  | Stlth+}
 59754 | Elf:3    | Identified the +6 trident "Daaschef" {vorpal, rC+ rN+
                  | Int+5}
 59754 | Elf:3    | Identified the cursed +1 mace "Beastslayer" {drain, rN+
                  | Int+3}
 59772 | Elf:3    | Identified the Incunabulum of the Voyage and Evil Rites
 60033 | Elf:3    | Cast into level 3 of the Abyss (+3 halberd of distortion)
 60034 | Elf:3    | Escaped the Abyss
 60241 | Elf:3    | Corrupted Elf:3
 60473 | Elf:3    | Found the +3 sling "Punk" {acid, rCorr}
 60563 | Elf:3    | Identified Ruseun's Incunabulum of Freezing Earth
 60576 | Elf:3    | Identified the Handbook of Toxins and the Volcanoes
 60677 | Elf:3    | Identified the +1 robe "Lacrikh" {Str+3 Dex+2}
 61776 | Vaults:2 | Banished howech's ghost
 61897 | Vaults:5 | Entered Level 5 of the Vaults
 61898 | Vaults:5 | Corrupted Vaults:5
 62104 | Vaults:5 | Reached skill level 26 in Fighting
 62160 | Vaults:5 | Got a shimmering granite ring
 62161 | Vaults:5 | Identified the ring "Orypadore" {Will+ Dex+3 Slay+4} (You
                  | found it on level 5 of the Vaults)
 62169 | Vaults:5 | Identified the Collected Works on Transmutation and Clay
 62715 | Vaults:5 | Got a silver rune of Zot
 63057 | Vaults:5 | Reached XP level 24. HP: 247/247 MP: 21/30
 63202 | Vaults:5 | Identified the +12 battleaxe "Oshroskio" {flame, rPois
                  | Int+3}
 63339 | Vaults:5 | Got a transparent jade amulet
 63340 | Vaults:5 | Identified the amulet of Limitation {Regen+ Int+6} (You
                  | found it on level 5 of the Vaults)
 63362 | Vaults:5 | Identified Sif Muna's Reference Book on Cankerous Calling
 63780 | Vaults:5 | Reached skill level 27 in Fighting
 64179 | Vaults:2 | Lost mutation: You evolve. [evolution]
 64326 | Depths:1 | Entered Level 1 of the Depths
 64666 | Depths:1 | Found a gateway to Hell.
 64831 | Depths:1 | Found a gateway to a ziggurat.
 67006 | Depths:2 | Reached skill level 1 in Crossbows
 68013 | Depths:2 | Found a runed translucent gate.
 68013 | Depths:2 | Found a runed translucent gate.
 68013 | Depths:2 | Noticed strangelove's ghost (master GrEE)
 68014 | Depths:2 | Found a runed translucent gate.
 68028 | Depths:2 | Reached skill level 5 in Crossbows
 69022 | Depths:3 | Reached XP level 25. HP: 188/257 MP: 21/30
 69040 | Depths:3 | Reached skill level 10 in Crossbows
 69481 | Depths:3 | Identified the ring of Ynihor {*Contam rPois rN+ Will++
                  | Int+4} (You found it on level 3 of the Depths)
 69609 | Depths:3 | Noticed a juggernaut
 69619 | Depths:3 | Banished a juggernaut
 69947 | Depths:3 | Found a one-way gate leading to the halls of Pandemonium.
 70727 | Depths:4 | Paralysed by a floating eye for 3 turns
 71054 | Depths:5 | Entered Level 5 of the Depths
 71083 | Depths:5 | Found Empuddo's Distillery.
 71083 | Depths:5 | Found Leizon's Antique Weapon Shop.
 71092 | Depths:5 | Noticed Xtahua
 71107 | Depths:5 | Killed Xtahua
 71117 | Depths:5 | Bought a potion of haste for 130 gold pieces
 71117 | Depths:5 | Bought a potion of curing for 39 gold pieces
 71117 | Depths:5 | Bought a potion of curing for 39 gold pieces
 71117 | Depths:5 | Bought a potion of heal wounds for 65 gold pieces
 71117 | Depths:5 | Bought 2 potions of heal wounds for 130 gold pieces
 71117 | Depths:5 | Bought a potion of haste for 130 gold pieces
 71117 | Depths:5 | Bought a potion of heal wounds for 65 gold pieces
 71646 | Depths:5 | Found a gate to the Realm of Zot.
 73092 | Zot:1    | Entered Level 1 of the Realm of Zot
 73145 | Abyss:1  | Reached XP level 26. HP: 112/266 MP: 23/32
 73148 | Abyss:1  | Killed Erolcha
 73176 | Abyss:1  | Gained mutation: Your spells are a little easier to cast,
                  | but a little less powerful. [a cacodemon]
 73295 | Zot:1    | Escaped the Abyss
 73296 | Zot:1    | Corrupted Zot:1
 73836 | Depths:5 | Upgraded the game from 0.26.0-16-gc1dbca0489 to
                  | 0.26.0-20-g3ca415f5b8
 73878 | Zot:1    | Noticed Alunk's ghost (legendary GnFi)
 73891 | Zot:1    | Found a transporter.
 73903 | Zot:1    | Found a transporter.
 74740 | Zot:2    | Noticed an orb of fire
 75776 | Zot:2    | Killed an orb of fire
 77898 | Zot:5    | Entered Level 5 of the Realm of Zot
 77923 | Zot:5    | Found a transporter.
 77935 | Zot:5    | Reached XP level 27. HP: 213/273 MP: 18/32
 78099 | Zot:5    | Identified the +4 scimitar of Quonerir {flame, *Rage rC+
                  | rN+ Int+8}
 78107 | Zot:5    | Found a bloodstained altar of Trog.
 78116 | Zot:5    | Found a transporter.
 78116 | Zot:5    | Identified the +1 cloak of the Everdark {+Inv}
 78339 | Zot:5    | Identified the +1 robe "Viegh" {+Fly rC++ Regen+ Int-4}
                  | (You found it on level 5 of the Realm of Zot)
 78373 | Zot:5    | Identified the +12 demon whip "Oqyqiseg" {flame, *Corrode
                  | Int+3 Stlth+}
 78373 | Zot:5    | Identified the ring "Juilamo" {*Slow rElec Int+6 Dex-5
                  | SInv}
 78376 | Zot:5    | Identified the +0 cloak "Cadim" {rC+ Dex+2 SInv}
 78376 | Zot:5    | Noticed Zeldest's ghost (veteran MiFi)
 78664 | Zot:5    | Identified the +4 broad axe of Wyrd {antimagic, *Slow rElec
                  | Stlth+}
 78846 | Zot:5    | Corrupted Zot:5
 78873 | Zot:5    | Noticed an orb of fire
 78873 | Zot:5    | Gained mutation: You are occasionally teleported next to
                  | monsters. [an orb of fire]
 78884 | Zot:5    | Killed an orb of fire
 78935 | Zot:4    | Lost mutation: Your spells are a little easier to cast, but
                  | a little less powerful. [potion of mutation]
 78935 | Zot:4    | Lost mutation: You are occasionally teleported next to
                  | monsters. [potion of mutation]
 78935 | Zot:4    | Gained mutation: You tend to lose your temper in combat.
                  | [potion of mutation]
 78935 | Zot:4    | Gained mutation: You passively map a small area around you.
                  | [potion of mutation]
 78936 | Zot:4    | Lost mutation: You tend to lose your temper in combat.
                  | [potion of mutation]
 78936 | Zot:4    | Lost mutation: You passively map a small area around you.
                  | [potion of mutation]
 78936 | Zot:4    | Gained mutation: You tend to lose your temper in combat.
                  | [potion of mutation]
 78936 | Zot:4    | Gained mutation: Armour fits poorly on your strangely
                  | shaped body. [potion of mutation]
 78936 | Zot:4    | Gained mutation: You expend magic power (3 MP) to
                  | strengthen your wands. [potion of mutation]
 78936 | Zot:4    | Gained mutation: You have sharp toenails. [potion of
                  | mutation]
 78937 | Zot:4    | Lost mutation: Armour fits poorly on your strangely shaped
                  | body. [potion of mutation]
 78937 | Zot:4    | Lost mutation: You expend magic power (3 MP) to strengthen
                  | your wands. [potion of mutation]
 78937 | Zot:4    | Lost mutation: You have sharp toenails. [potion of
                  | mutation]
 78937 | Zot:4    | Lost mutation: You tend to lose your temper in combat.
                  | [potion of mutation]
 78937 | Zot:4    | Gained mutation: Your system is resistant to poisons.
                  | (rPois) [potion of mutation]
 78937 | Zot:4    | Gained mutation: You have large cloven feet. [potion of
                  | mutation]
 78937 | Zot:4    | Gained mutation: Your movements are slightly less
                  | encumbered by armour. (ER -2) [potion of mutation]
 79245 | Zot:5    | Noticed an ancient lich
 79290 | Zot:5    | Killed an ancient lich
 79843 | Zot:5    | Noticed an ancient lich
 79860 | Zot:5    | Killed an ancient lich
 80046 | Zot:5    | Got the Orb of Zot
 80053 | Zot:5    | Noticed an ancient lich
 80071 | Zot:5    | Killed an ancient lich
 80072 | Zot:5    | Reached skill level 15 in Dodging
 80092 | Zot:4    | Noticed a juggernaut
 80092 | Zot:4    | a Killer Klown changed into a juggernaut
 80113 | Zot:4    | Killed a juggernaut
 80122 | Zot:4    | Noticed Werynob the pandemonium lord
 80182 | Depths:5 | Noticed Ykkitson the pandemonium lord
 80546 | D:$      | Escaped with the Orb!

Illustrated notes

Levels and vault maps discovered:
D:1:      co_arrival_square_in_a_square_in_a_square, layout_loops_corners,
          bh_walls_and_bars
D:2:      layout_basic, uniq_terence
D:3:      layout_basic, lemuel_doored_altar,
          chequers_ecumenical_altar_simple_redux
D:4:      layout_loops_ring, gup_sewer_entry_spiral,
          chequers_serial_rivers_small_b, chequers_serial_rivers_micro_a,
          kennysheep_crisscross, minmay_door_square,
          nicolae_ashenzari_panopticon
D:5:      layout_cave_pools
D:6:      layout_layer_cave, minmay_temple_entry_junction
D:7:      layout_basic, nicolae_ossuary_entry_monument,
          minmay_unpleasant_kobolds, uniq_harold, uniq_pikel, uniq_menkaure
D:8:      layout_basic, lair_entry_dummy, gammafunk_ghost_icy,
          minmay_joined_circles, uniq_maggie
D:9:      layout_basic, grunt_temple_overflow_open,
          fedhas_bush_and_centaur_altar, uniq_erica, uniq_prince_ribbit1,
          uniq_maurice
D:10:     layout_rooms, basic_altar, kennysheep_decorative_pillar, uniq_psyche
D:11:     layout_small_grid, david_orc_5, uniq_nergalle, uniq_urug, uniq_fannar,
          uniq_josephine
D:12:     minmay_razor_zed, layout_gridville, hex_tiny, st_stairs_9,
          minmay_misc_feat_five, uniq_snorg
D:13:     layout_roguey, hangedman_vaults_entry_quadrant_bands
D:14:     minmay_slanted_spiral_squares, layout_basic, lemuel_crystal_altar,
          portal_ice_cave_rime
D:15:     gammafunk_depths_entry_grave, layout_basic, moated_statue
Lair:1:   layout_regular_city, grunt_megastairs_3, serial_bayou_shore_a,
          infiniplex_staircase_pool_2, lemuel_fruit_tree
Lair:2:   layout_cave_pods, minmay_swamp_entry_reptiles,
          gammafunk_ghost_hydra_chop, serial_bayou_pond_d,
          minmay_stone_trees_medium, serial_bayou_lagoon_a, minivault_24
Lair:3:   layout_long_grid, ebering_ghost_disaster_area, beast_lair_carwin_5
Lair:4:   minmay_lair_oklob_tunnel, layout_long_grid,
          guppyfry_snake_entry_garden, special_room [special_room_bee],
          beast_lair_carwin_4
Lair:5:   layout_gridlike
Lair:6:   gammafunk_lair_ancient_temple, layout_gridlike, slime_altar_2,
          st_stairs_11, lookout_lair_type, dpeg_oklob_1
Swamp:1:  layout_basic_swamp, hangedman_swamp_blocks, swamp_pool1
Swamp:2:  layout_basic_swamp, evilmike_swamp_ruin_rubble_2, swamp_pool1
Swamp:3:  layout_basic_swamp, evilmike_swamp_ruin_house_4, swamp_pool1,
          uniq_kirke
Swamp:4:  byrel_swamp_growth_death_and_undeath, layout_basic_swamp
Snake:1:  layout_basic, evilmike_ambush [evilmike_ambush_outer_basic,
          evilmike_ambush_inner_basic], grunt_megastairs_1
Snake:2:  layout_cave_shapes, uniq_vashnia, uniq_aizul
Snake:3:  hangedman_cross_veins, layout_gridlike, serial_shops, shop,
          serial_bayou_pond_c
Snake:4:  snake_pit, layout_cave_town, serial_shops, shop, uniq_nikola,
          uniq_donald
Orc:1:    layout_diamond_mine, basic_altar, minmay_orc_treasury, uniq_sonja
Orc:2:    grunt_orc_community_town_hall, layout_caves,
          grunt_orc_community_big_house_1, grunt_orc_community_big_house_2,
          grunt_orc_community_house_3, grunt_orc_community_house_3,
          grunt_orc_community_house_2, grunt_orc_community_house_1,
          special_room, serial_shops, nicolae_shop_stone,
          gammafunk_ghost_abyssal_escape, roderic_batcave, sword_in_stone,
          uniq_erolcha
Elf:1:    minmay_elf_arrival_summoners, layout_geoelf_diagonals, serial_shops,
          shop, hangedman_elven_crosses_minicolossus, uniq_louise
Elf:2:    layout_loops_corners, gammafunk_ghost_cemetery, basic_altar,
          uniq_saint_roka, uniq_agnes
Elf:3:    minmay_elf_hall_spiked, layout_rooms,
          minmay_the_grid_square_5x5_3x3_mashed
          [minmay_the_grid_square_5x5_beaten_path,
          minmay_the_grid_square_5x5_almost_minimal,
          minmay_the_grid_square_5x5_intrusive_squares,
          minmay_the_grid_square_5x5_percent,
          minmay_the_grid_square_5x5_megaprize_diamond,
          minmay_the_grid_square_5x5_half_checkered,
          minmay_the_grid_square_5x5_corner,
          minmay_the_grid_square_5x5_broken_cross,
          minmay_the_grid_square_5x5_mess]
Vaults:1: ebering_vaults_ghost_inner_flame, nicolae_vaults_border_crossing,
          grunt_vaults_trifunnel, nicolae_vaults_asterisk, v_misc_27,
          hangedman_vaults_impose, v_misc_11, layout_vaults_omnigrid
Vaults:2: ebering_vaults_ghost_reflecting_pool, nicolae_vaults_little_ls,
          dpeg_vaults_waves, v_misc_18, v_misc_3, ontoclasm_vaults_hangar,
          ontoclasm_vaults_twist, v_misc_8, v_alt_pattern_1,
          nicolae_vaults_ring_of_whatevers, nicolae_vaults_little_squares_2,
          layout_vaults_omnibox, serial_hangedman_research,
          hangedman_research_toxicology, hangedman_research_thermodynamics
Vaults:3: vaults_room_ringed_pool, minmay_crypt_entry_simple_box, v_misc_9,
          grunt_vaults_hallway_short, nicolae_vaults_windows_and_doors_thing,
          v_misc_5, vaults_mumra_hex, st_squares, ontoclasm_vaults_hangar,
          vaults_mumra_lcd, hangedman_vaults_cutoff,
          nicolae_vaults_little_squares_3, nicolae_vaults_little_squares_1,
          layout_vaults_maze, mu_enter_wizlab_4
Vaults:4: v_alt_pattern_1, vaults_standard_mumra_enter_the_diamond,
          hangedman_vaults_unwind, hangedman_vaults_variations, v_misc_2,
          v_misc_25, v_misc_22, vaults_room_pools, v_misc_5, v_misc_28,
          vaults_dpeg_cross, layout_vaults_ring, uniq_frederick, uniq_jory
Vaults:5
Depths:1: layout_basic, enter_ziggurat_d, hellmouth_3, abyss_entry,
          serial_corexii_hall, corexii_hall_statues_u, corexii_hall_statues_t,
          hangedman_decor_growths, corexii_leaking_fountain, evilmike_minifort
Depths:2: minmay_skeletal_surprise, layout_gridlike, moated_statue,
          hangedman_abyss_entry_splay, grunt_mini_vestibule,
          ebering_ghost_rock_garden
Depths:3: little_maze_vault, layout_basic, hell_entry,
          ebering_dispersal_statue_hall, pan_entry
Depths:4: minmay_isolated_rectangles_in_corner, layout_cave_pools, abyss_entry,
          hell_entry, hangedman_decor_lopped, infiniplex_staircase_zigzag_2,
          grunt_megastairs_4
Depths:5: grunt_crosshair, layout_long_grid, hell_entry, abyss_entry,
          minivault_11, minmay_shoptagon, uniq_xtahua
Zot:1:    infiniplex_zot_generator, layout_onion_interference,
          gammafunk_ghost_arena
Zot:2:    layout_misc_corridors, st_single_dragon_hoard_4
Zot:3:    minmay_elemental_castle, layout_concentric_octagons
Zot:4:    layout_basic
Zot:5:    layout_basic, gammafunk_ghost_wrathful_warriors

Skill      XL: |  1  2  3  4  5  6  7  8  9 10 11 12 13 14 15 16 17 18 19 20 21 22 23 24 25 26 27 |
---------------+----------------------------------------------------------------------------------+-----
Fighting       | 4 9 10 13 15 16 18 20 21 22 23 25 26 27 | 27.0
Axes           | 3 4 5 6 7 9 11 13 15 17 18 20 | 20.1
Invocations    | 2 3 4 5 6 8 9 11 14 | 14.0
Shields        | 4 7 11 14 15 16 19 21 25 | 25.9
Armour         | 8 10 13 16 17 19 20 22 23 24 | 24.5
Evocations     | 8 10 11 13 | 13.9
Dodging        | 5 8 10 11 12 15 | 15.2
Crossbows      | 9 10 | 10.0

Action                   |  1- 3 |  4- 6 |  7- 9 | 10-12 | 13-15 | 16-18 | 19-21 | 22-24 | 25-27 || total
-------------------------+-------+-------+-------+-------+-------+-------+-------+-------+-------++-------
Melee: Hand axe          |    54 |     2 |   305 |   689 |       |       |       |       |       ||  1050
       Headbutt          |     7 |    27 |    81 |   189 |   317 |   228 |   379 |   435 |   323 ||  1986
       War axe           |       |   163 |    45 |       |       |       |       |       |       ||   208
       Broad axe         |       |       |       |   250 |  1366 |   978 |  1221 |  1276 |   974 ||  6065
 Fire: Hand crossbow     |       |       |       |       |       |       |       |     4 |     7 ||    11
Invok: Depart the Abyss  |     1 |       |       |       |     1 |       |       |     1 |     1 ||     4
       Banish            |       |       |     1 |    13 |    11 |    17 |     1 |     1 |     3 ||    47
       Corrupt           |       |       |       |     1 |       |     2 |       |     2 |     2 ||     7
       Brand Weapon With |       |       |       |       |     1 |       |       |       |       ||     1
       Bend Space        |       |       |       |       |       |     1 |       |     1 |     1 ||     3
       Enter the Abyss   |       |       |       |       |       |       |       |       |     1 ||     1
Evoke: Wand              |       |       |       |       |     1 |     4 |    10 |       |     7 ||    22
       Box of beasts     |       |       |       |       |       |     1 |     1 |       |     3 ||     5
       Phantom mirror    |       |       |       |       |       |       |     7 |       |     5 ||    12
       Condenser vane    |       |       |       |       |       |       |       |     3 |     4 ||     7
       Lightning rod     |       |       |       |       |       |       |       |     3 |     2 ||     5
  Use: Scroll            |       |     2 |     9 |    15 |    11 |     8 |    22 |    15 |    22 ||   104
       Potion            |       |       |     1 |     5 |     8 |    12 |     7 |    10 |    33 ||    76
 Stab: Distracted        |       |       |       |       |       |     1 |     1 |       |       ||     2
       Confused          |       |       |       |       |       |     1 |       |       |       ||     1
Armor: Leather armour    |    13 |    52 |       |       |       |       |       |       |       ||    65
       Ring mail         |       |    29 |   119 |   142 |       |       |       |       |       ||   290
       Crystal plate arm |       |       |       |   302 |   791 |   591 |   414 |   347 |    37 ||  2482
       Skin              |       |       |       |     6 |       |       |       |       |       ||     6
       Acid dragon scale |       |       |       |     1 |       |       |       |       |       ||     1
       Gold dragon scale |       |       |       |       |       |       |       |       |   319 ||   319
Dodge: Dodged            |    26 |    99 |   133 |   221 |   119 |   182 |   207 |   304 |   245 ||  1536
Block: Kite shield       |       |       |       |   256 |   715 |   586 |   801 |   716 |   771 ||  3845
       Reflection        |       |       |       |       |       |       |       |     8 |    56 ||    64
